AoeStats
← VIT Liereyy

Arabian Desert

509328355Analyzed
1v1 RM · 5d ago on Sep 26, 2026· 18m 25s· 2 players
Game mode
Random Map
Map size
Tiny (2 player)
Population
200
Speed
Normal
Resources
Standard
Victory
Conquest
Starting age
Dark Age
Ending age
Imperial Age
RankedLock teamsTeams togetherTeam positionsShared explorationLock speedFull tech treeHidden civsTurbo modeCheats
Victory
Defeat
🇦🇹 Danes · Austria
2980
+4
🇮🇹 Danes · Italy
2645
-4
RoR | Vodka_L_2
6:21 Loom
8:45 Feudal Age
16:21 Fletching
17:53 Padded Archer Armor
17:55 Double-Bit Axe
VIT Liereyy
5:53 Loom
8:45 Feudal Age
8:54 Man-at-Arms
9:42 Arson
13:04 Fletching
14:54 Padded Archer Armor
Connection lost

Rejoining the realm…

Still unreachable

The connection could not be restored.

Session expired

The server has moved on; the page needs a fresh start.